 Dungeon Crawl Stone Soup version 0.22.1-1-ga44c0e56f4 (webtiles) character file.

77 ndruid the Insei (level 4, -5/32 HPs)
             Began as a Merfolk Transmuter on Nov 7, 2018.
             Killed by divine providence
             ... invoked by an orc priest
              (13 damage)
             ... on level 3 of the Dungeon.
             The game lasted 00:13:56 (2312 turns).

ndruid the Insei (Merfolk Transmuter)               Turns: 2312, Time: 00:13:56

Health: -5/32      AC: 13    Str: 11    XL:     4   Next: 34%
Magic:  7/7        EV:  9    Int: 12    God:
Gold:   90         SH:  0    Dex: 14    Spells: 3/7 levels left

rFire    . . .     SeeInvis .     - Unarmed
rCold    . . .     Gourm    .   (no shield)
rNeg     . . .     Faith    .   c - +1 scale mail
rPois    .         Spirit   .   (no helmet)
rElec    .         Reflect  .   (no cloak)
rCorr    .         Harm     .   (no gloves)
MR       +....                  (no boots)
Stlth    ..........             r - amulet of magic regeneration
HPRegen  0.10/turn              e - +6 ring of protection
MPRegen  0.35/turn              p - ring of protection from magic

@: no status effects
A: change form in water, swift swim, stealthy swim
a: no special abilities


You were on level 3 of the Dungeon.
You were not hungry.

You visited 1 branch of the dungeon, and saw 3 of its levels.

You collected 90 gold pieces.

Inventory:

Hand Weapons
 j - a +1 whip
Missiles
 a - 76 arrows
 g - 95 stones (quivered)
Armour
 b - a +0 robe
 c - a +1 scale mail (worn)
 h - a +0 ring mail
 n - a +0 robe
Jewellery
 e - a +6 ring of protection (left hand)
 p - a ring of protection from magic (right hand)
 r - an amulet of magic regeneration (around neck)
Scrolls
 i - a scroll of magic mapping {unknown}
 l - a scroll of enchant weapon
 q - a scroll of remove curse {unknown}
 s - a scroll of enchant armour
 t - a scroll of fear {unknown}
 u - a scroll of identify
Potions
 f - a potion of curing
 k - a potion of degeneration {unknown}
 m - a potion of magic {unknown}
 o - 2 potions of heal wounds {unknown}
Comestibles
 d - a ration


   Skills:
 - Level 1.1 Fighting
 - Level 0.6 Armour
 - Level 2.8 Dodging
 + Level 4.7 Unarmed Combat
 - Level 2.0 Spellcasting
 * Level 3.7 Transmutations


You had 3 spell levels left.
You knew the following spells:

 Your Spells              Type           Power        Failure   Level  Hunger
a - Beastly Appendage     Tmut           ##....       34%         1    ##.....
b - Spider Form           Tmut/Pois      #.........   93%         3    ####...

Your spell library contained the following spells:

 Spells                   Type           Power        Failure   Level  Hunger
 Sticks to Snakes         Tmut           ##......     47%         2    ###....
 Ice Form                 Ice/Tmut       #.......     100%        4    #####..
 Blade Hands              Tmut           ##........   100%        5    ######.


Dungeon Overview and Level Annotations

Branches:
Dungeon (3/15)

Altars:


Message History

The bat hits you. The bat hits you but does no damage.
The bat hits you but does no damage.
You punch the bat!
You kill the bat!
The jackal bites you but does no damage.
You hit the jackal but do no damage.
The jackal bites you but does no damage.
The orc priest looks satisfied for a moment.
You completely miss the jackal. The jackal barely misses you.
The orc priest mumbles some strange prayers to Beogh against you.
Pain shoots through your body!
* * * LOW HITPOINT WARNING * * *
You closely miss the jackal.
The jackal bites you but does no damage.
It was a potion of curing.
You feel better. The jackal barely misses you. The jackal closely misses you.
The orc priest invokes the aid of Beogh against you.
Beogh smites you!
You die...

##.."###.#
...........
........
...... #...#
#...# #<..#
##..h#
#..o@#
#.#######
####.......#
#.).o#..##.#
#†#.###.#
#..## #..
...## #..
#.##.. ..# .
..# ##


You could see an orc priest and a jackal.

Vanquished Creatures
  2 adders (D:2)
  An ooze (D:2)
  A worm (D:2)
  2 leopard geckos
  2 orcs (D:3)
  4 goblins (D:2)
  5 hobgoblins
  10 jackals
  6 kobolds
  6 bats
  2 frilled lizards (D:2)
  3 rats
44 creatures vanquished.

Notes
Turn   | Place    | Note
-------+----------+-------------------------------------------
     0 | D:1      | ndruid the Merfolk Transmuter began the quest for the Orb.
     0 | D:1      | Reached XP level 1. HP: 15/15 MP: 3/3
   652 | D:1      | Reached XP level 2. HP: 21/21 MP: 3/5
  1069 | D:2      | Reached skill level 4 in Unarmed Combat
  1161 | D:2      | Reached XP level 3. HP: 24/26 MP: 6/6
  1357 | D:2      | Learned a level 3 spell: Spider Form
  1918 | D:2      | Reached XP level 4. HP: 32/32 MP: 5/7
  2312 | D:3      | Killed from afar by an orc priest

Skill      XL: |  1  2 |
---------------+-------+-----
Transmutations | 3 |  3.7
Unarmed Combat | 4 |  4.7
Fighting       | |  1.1
Armour         | |  0.6
Dodging        | |  2.8
Spellcasting   | |  2.0

Action                   |  1- 3 |  4- 6 || total
-------------------------+-------+-------++-------
Melee: Unarmed           |   129 |    43 ||   172
       Headbutt          |     7 |     6 ||    13
       Punch             |     2 |       ||     2
 Cast: Beastly Appendage |     9 |     1 ||    10
  Use: Scroll            |     5 |     1 ||     6
       Potion            |       |     1 ||     1
  Eat: Chunk             |     3 |     1 ||     4
       Ration            |       |     1 ||     1
Armor: Scale mail        |    84 |    31 ||   115
Dodge: Dodged            |    60 |    23 ||    83
